 Dungeon Crawl Stone Soup version 0.31-a0-1096-g246cf0196b (webtiles) character file.

Game seed: 18376135707907943592

1537350 KimchiStew the Intangible (level 25, 135/135 HPs)
             Began as a Felid Berserker on Nov 29, 2023.
             Was the Champion of Trog.
             Escaped with the Orb
             ... and 3 runes on Nov 30, 2023!
             The game lasted 02:23:39 (79683 turns).

KimchiStew the Intangible (Felid Berserker)        Turns: 79683, Time: 02:23:40

Health: 135/135    AC: 11    Str: 10 (11) XL:     25   Next: 65%
Magic:  33/33      EV: 47    Int: 12 (13) God:    Trog [******]
Gold:   5325       SH:  5    Dex: 24 (26) Spells: 24/24 levels left
                                        Lives:  1   Deaths: 4

rFire   + +          .
                       - Unarmed
rCold   + + .        (shield unavailable)
rNeg    + + +        (body armour unavailable)
rPois   ∞            (helmet unavailable)
rElec   +            (cloak unavailable)
rCorr   +            (gloves unavailable)
SInv    +            (boots unavailable)
Will    ++++.        p - amulet "Alig Ijo" {Reflect rF+ Regen+ SH+5}
Stlth   +++          M - ring of the Tortoise {AC+8}
HPRegen 1.22/turn    T - ring of Ycatoah {Fly rElec rCorr MP+9 Str-2}
MPRegen 0.23/turn

%: reflection
@: death-form, flying, studying 2 skills, quick
A: vile attack, torment immunity, no potions, very small, claws 1, fangs 3, see
invisible, speed 1, shaggy fur 3, stealthy paws, no weapons or thrown items, no
armour, multi-lived, fire resistance 1
0: Orb of Zot
}: 3/15 runes: decaying, slimy, gossamer
a: Siphon Essence, Begin Untransformation, Renounce Religion, Trog's Hand,
Brothers in Arms


You escaped.
You worshipped Trog.
Trog was exalted by your worship.
You were an undying horror.
You visited 11 branches of the dungeon, and saw 54 of its levels.
You visited 1 bazaar.
You visited 1 ziggurat, and saw 7 of its levels.
You also visited: Trove and Wizlab.

You collected 7320 gold pieces.
You spent 1995 gold pieces at shops.

Inventory:

Jewellery
 a - the amulet of the Four Winds {rN+ Will+++ Clar}
   (You found it on level 5 of the Realm of Zot)

   [amulet of nothing]

   rN+:       It protects you from negative energy.
   Will+++:   It greatly increases your willpower.
   Clar:      It protects you from confusion, rage, mesmerisation and fear.
 p - the amulet "Alig Ijo" (around neck) {Reflect rF+ Regen+ SH+5}
   (You found it in a treasure trove)

   [amulet of reflection]

   Reflect:   It reflects blocked missile attacks.
   rF+:       It protects you from fire.
   Regen+:    It increases your rate of health regeneration.
   SH+5:      It affects your SH (+5).
 t - a +5 ring of evasion
 v - a ring of positive energy
 w - a ring of willpower
 y - the ring "Zocvud" {rF+ rC+ Dex+6}
   (You found it on level 5 of the Pits of Slime)

   [ring of dexterity]

   Dex+6:     It affects your dexterity (+6).
   rF+:       It protects you from fire.
   rC+:       It protects you from cold.
 G - the amulet "Naqiomes" {Reflect rPois Will+ SH+5}
   (You acquired it on level 14 of the Dungeon)

   [amulet of reflection]

   Reflect:   It reflects blocked missile attacks.
   rPois:     It protects you from poison Will+: It increases your willpower.
   SH+5:      It affects your SH (+5).
 K - the ring "Iresie" {rCorr EV+5}
   (You found it on level 3 of the Depths)

   [ring of evasion]

   EV+5:      It affects your evasion (+5).
   rCorr:     It protects you from acid and corrosion.
 M - the ring of the Tortoise (left paw) {AC+8}
   (You found it on level 3 of a ziggurat)

   [ring of protection]

   AC+8:      It affects your AC (+8).
 O - the ring "Afish" {Will+ Dex+2}
   (You found it on level 1 of the Swamp)

   [ring of willpower]

   Dex+2:     It affects your dexterity (+2).
   Will+:     It increases your willpower.
 P - a ring of the Octopus King {rF+ HP+2 AC+2 EV+2 SH+2}
   (You found it on level 5 of the Realm of Zot)

   [ring of protection from fire]

   AC+2:      It affects your AC (+2).
   EV+2:      It affects your evasion (+2).
   rF+:       It protects you from fire.
   HP+2:      It affects your health (+2).
   SH+2:      It affects your SH (+2).
 T - the ring of Ycatoah (right paw) {Fly rElec rCorr MP+9 Str-2}
   (You found it on level 1 of the Spider Nest)

   [ring of flight]

   Str-2:     It affects your strength (-2).
   rElec:     It insulates you from electricity.
   MP+9:      It affects your magic capacity (+9).
   Fly:       It grants you flight.
   rCorr:     It protects you from acid and corrosion.
 V - an amulet of the acrobat
 X - a ring of fire
Talismans
 m - a dragon-blood talisman
 I - a maw talisman
 Y - the death talisman "Ziabausi" (active) {Int+3}
   (You found it on level 3 of the Elven Halls)

   [talisman of death]

   Int+3:     It affects your intelligence (+3).
Wands
 h - a wand of digging (19)
 r - a wand of quicksilver (18) (quivered)
 x - a wand of iceblast (60)
 z - a wand of charming (82)
 H - a wand of mindburst (32)
 J - a wand of flame (81)
 U - a wand of polymorph (10)
Scrolls
 c - 4 scrolls of vulnerability
 i - 35 scrolls of identify
 l - 13 scrolls of teleportation
 n - 10 scrolls of blinking
 o - 4 scrolls of fear
 s - 8 scrolls of fog
 u - 6 scrolls of poison
 C - 3 scrolls of torment
 D - 2 scrolls of silence
 N - 2 scrolls of summoning
 W - 5 scrolls of immolation
Potions
 b - 5 potions of invisibility
 d - 5 potions of cancellation
 f - 4 potions of lignification
 g - 12 potions of curing
 j - 3 potions of magic
 k - 13 potions of heal wounds
 A - 6 potions of haste
 B - 2 potions of mutation
 E - 5 potions of might
 F - 3 potions of berserk rage
 L - 7 potions of attraction
 R - 12 potions of ambrosia
 S - 6 potions of enlightenment
 Z - 2 potions of resistance
Miscellaneous
 e - a phial of floods
 q - a condenser vane
 Q - a phantom mirror (inert)


   Skills:
 + Level 24.5 Fighting
 O Level 27 Dodging
 * Level 18.6 Stealth
 + Level 22.1 Unarmed Combat
 - Level 14.0 Evocations
 - Level 25.0 Shapeshifting


You had 24 spell levels left.
You didn't know any spells.
Your spell library was empty.

Dungeon Overview and Level Annotations

Branches:
Dungeon (15/15)            Temple (0/1) D:7            Lair (5/5) D:10
  Swamp (4/4) Lair:2       Spider (4/4) Lair:2        Slime (5/5) Lair:4
    Orc (2/2) D:10            Elf (3/3) Orc:2        Vaults (4/5) D:13
  Crypt (3/3) Vaults:2     Depths (4/4) D:15            Zot (5/5) Depths:4
 WizLab (visited)
   Tomb: Crypt:3

Altars:
Ashenzari
Cheibriados
Elyvilon
Gozag
Kikubaaqudgha
Makhleb
Sif Muna
Trog
Wu Jian
Xom
Jiyva
Lugonu

Shops:
D:2 !   D:3 :(!(   D:10 !(   Orc:2 :*?!   Elf:1 *   Elf:2 ::=   Swamp:2 *
Vaults:2 (   Vaults:4 :   Depths:4 *

Portals:
Hell: Depths:1 Depths:2 Depths:3 Depths:4
Abyss: Lair:5 Depths:1 Depths:2 Depths:3
Pandemonium: Depths:2 Depths:3

Annotations:
D:11 1 runed translucent door, t4s4d4r's ghost, journeyman DjEE
Lair:5 exclusion: door
Swamp:4 Mara
Elf:1 1 runed translucent door, 2 transporters, snipermoke's ghost, journeyman DsGl
Elf:2 3 runed translucent doors
Vaults:1 3 runed translucent doors, Fieg's ghost, veteran HuWn
Depths:4 2 transporters, exclusion: orange crystal statue, Bahe's ghost, veteran DgCj; Deaqeck's ghost, veteran DgCj; Guam's ghost, adept HOMo


Innate Abilities, Weirdness & Mutations

You are an undying horror.
Your melee and unarmed attacks drain, slow and weaken victims.
You are immune to unholy pain and torment.
You cannot drink.
You are immune to poison.
You have sharp claws.
You have razor-sharp teeth.
You have supernaturally acute eyesight. (SInv)
You cover ground quickly. (Speed+)
Your thick and shaggy fur keeps you warm. (AC +3, rC+)
Your paws help you pounce on unaware monsters.
You are incapable of wielding weapons or throwing items.
You cannot wear armour.
You gain extra lives every three experience levels.
Your flesh is heat resistant. (rF+)


Message History

You claw the Brimstone Fiend!
The Brimstone Fiend decays.
The Brimstone Fiend is moderately wounded.
You mangle the Brimstone Fiend!!
The Brimstone Fiend decays.
The Brimstone Fiend is heavily wounded.
The Brimstone Fiend gestures at you.
The sphere of damnation explodes!
The damnation engulfs you!!
The damnation engulfs the Brimstone Fiend.
The Brimstone Fiend completely resists.
You take 17 damage, and have 116/135 hp.
You eviscerate the Brimstone Fiend!!!
The Brimstone Fiend decays.
You bite the Brimstone Fiend, but do no damage.
The Brimstone Fiend is almost dead.
You claw the Brimstone Fiend!
The Brimstone Fiend decays.
You bite the Brimstone Fiend, but do no damage.
The Brimstone Fiend is almost dead.
You claw the Brimstone Fiend!
You kill the Brimstone Fiend!
Trog accepts your kill.
There is a stone staircase leading up here.
You fly upwards.
There is a stone staircase leading down here.
(D) Dungeon (T) Temple (L) Lair (S) Swamp (N) Spider Nest (M) Slime Pits (O) Orcish Mines (E) Elven Halls (V) Vaults (C) Crypt (U) Depths (H) Hell (Z) Zot
Where to? (Tab/Enter - D:1 @ (x,y), ? - help)
What level of the Dungeon? (default 1, ? - help)
There is a stone staircase leading up here.
You fly upwards.
There is a stone staircase leading down here.
HP restored.
There is an open gate here.
A Tasmia and a lorocyproca come into view.
Unknown command.
Unknown command.
Tasmia moves out of view.
The lorocyproca gives a chilling moan.
There is a staircase leading out of the dungeon here.
You have escaped!

#####.....♣.....♣.....#
#......x..........#
#......#'&'#......#
#....###2..###....#
#....#.......#....# ##
#....#.......#....#######.
#....#.......#............
########....#.......#....########
............#...z...#....#
###.......###.......###..# #
#.####..#...........#..# # #.#
#).#.8.......8.#..# #
#.####..#...#####.^.#..# #
#.......#####...#####..# #
#.#.##.................# #
#.#.##..)..............# #
#.#.##........⌠........#


You could see Tasmia, a lorocyproca (invisible) and a small abomination.

Vanquished Creatures
  the Royal Jelly (Slime:5)
  A dread lich (Vaults:2)
  3 orbs of fire (Zot:5)
  Vv (Depths:2)
  Bai Suzhen (Crypt:1)
  2 pandemonium lords
  12 caustic shrikes
  Xtahua (Crypt:1)
  Nikola (Spider:3)
  3 golden dragons
  Norris (Vaults:1)
  Arachne (Spider:2)
  Jory (Vaults:2)
  A doom hound (Crypt:1)
  2 Brimstone Fiends
  7 tentacled monstrosities
  7 Orb Guardians (Zot:5)
  4 liches (Depths:3)
  4 titans
  A walking frostbound tome (Depths:3)
  A quicksilver dragon (Zot:5)
  2 deep elf master archers (Elf:3)
  2 deep elf blademasters (Elf:3)
  A death cob (Zot:5)
  4 searing wretches
  5 ancient champions (WizLab)
  24 acid blobs
  2 sphinxes
  A storm dragon (Zot:2)
  Kirke (Elf:1)
  7 azure jellies (Slime:5)
  5 thorn hunters
  A revenant (WizLab)
  Donald (Orc:2)
  The ghost of Humorgho the Warrior, a journeyman MiBe of Trog (Spider:2)
  A shadow dragon (Depths:4)
  9 rockslimes
  2 fenstrider witches (Swamp:4)
  2 tengu reavers
  A draconian knight (Depths:4)
  6 deep elf sorcerers
  12 vault wardens
  9 fire giants
  9 frost giants
  2 iron dragons
  A draconian scorcher (Zot:5)
  2 balrugs
  2 emperor scorpions
  5 deep elf elementalists (Elf:3)
  A curse skull (Crypt:3)
  A draconian stormcaller (Zot:5)
  3 ghost moths
  A broodmother (Spider:1)
  A cacodemon (Depths:3)
  2 draconian annihilators (Zot:5)
  2 ghouls (Crypt:1)
  16 very ugly things
  5 formless jellyfish
  2 draconian shifters (Depths:4)
  2 spriggan defenders (Depths:4)
  8 stone giants
  5 war gargoyles
  12 quicksilver oozes
  17 ironbound preservers
  A vampire knight (Depths:4)
  3 green draconians (Depths:4)
  13 ironbound thunderhulks
  The ghost of Slobodan the Slicer, a journeyman VSBr of Fedhas (Swamp:2)
  5 halazid warlocks (WizLab)
  Nessos (D:13)
  8 deep elf demonologists (Elf:3)
  9 dire elephants
  9 deep elf annihilators
  A red draconian (Depths:4)
  A black draconian (Zot:5)
  2 bennus (Zig:5)
  4 eleionomae
  3 bunyips
  A yellow draconian (Zot:5)
  2 purple draconians (Depths:4)
  5 spark wasps
  2 eidola (WizLab)
  A green death (Swamp:4)
  10 ettins
  3 crystal guardians
  A mummy priest (Zig:5)
  3 fire dragons
  2 merfolk impalers
  14 deep elf death magi
  5 shambling mangroves (Swamp:3)
  6 jiangshi
  3 entropy weavers
  Josephine (D:15)
  9 yaktaur captains
  A rakshasa (Depths:1)
  6 deep elf high priests
  15 vault guards
  Harold (Lair:1)
  10 great orbs of eyes
  2 elf skeletons (Crypt:1)
  A hell beast (Depths:2)
  Erolcha (D:9)
  A jorogumo (Spider:3)
  7 ice dragons
  A ghost crab (Swamp:2)
  7 peacekeepers
  13 hydras
  3 spriggan air magi
  A merfolk aquamancer (Zig:4)
  7 alligators
  4 ogre magi
  9 ironbound frosthearts
  14 boulder beetles
  A death knight (Vaults:2)
  A spriggan skeleton (Crypt:1)
  9 centaur warriors
  3 radroaches
  12 dancing weapons
  Erica (D:8)
  15 two-headed ogres
  7 death yaks (Lair:5)
  15 deep troll shamans
  4 tengu warriors
  7 vampire magi
  11 deep troll earth magi
  7 demonic crawlers
  An orc high priest (Orc:2)
  2 thrashing horrors (Lair:5)
  A spriggan berserker (Depths:4)
  Urug (Lair:3)
  17 hell knights
  An occultist (Depths:2)
  3 sun demons
  Sonja (D:12)
  2 soul eaters (Swamp:4)
  A titan skeleton (Crypt:1)
  15 deep elf knights
  A salamander mystic (Depths:4)
  3 skysharks
  7 pharaoh ants
  Lodul (D:14)
  A shadow wraith (WizLab)
  10 iron trolls
  4 sixfirhies
  A spectral spark wasp (WizLab)
  6 flayed ghosts
  13 skeletal warriors
  A death drake (Swamp:4)
  A deep troll (shapeshifter) (D:13)
  4 goliath frogs
  3 spriggan druids
  2 spark wasp zombies
  An orb spider (shapeshifter) (D:15)
  77 deep trolls
  8 large abominations
  3 glowing orange brains
  10 deep elf archers
  2 sun moths (Spider:4)
  2 swamp dragons
  A spectral wolf spider (WizLab)
  8 arcanists
  9 orb spiders
  12 steelbarb worms
  11 necromancers
  15 ironbound convokers
  7 bog bodies
  12 lindwurms
  9 orc knights
  10 phantasmal warriors
  30 deep elf pyromancers
  A frost giant zombie (Crypt:1)
  A cyclops (shapeshifter) (Depths:1)
  40 deep elf zephyrmancers
  A stone giant zombie (Crypt:1)
  9 wolf spiders
  2 salamanders (Depths:4)
  28 ugly things
  7 orc sorcerers
  2 shining eyes
  5 will-o-the-wisps
  9 cyclopes
  2 manticores
  A guardian serpent (shapeshifter) (D:15)
  An oklob plant (Swamp:3)
  An elephant (Lair:5)
  A fire giant skeleton (Zig:5)
  4 moths of wrath
  A human skeleton (Crypt:1)
  4 black mambas
  A centaur skeleton (Crypt:1)
  17 vault sentinels
  An eye of devastation (Slime:5)
  2 smoke demons
  3 gargoyles
  An orange demon (Depths:3)
  5 torpor snails
  5 unseen horrors (Depths:1)
  Jeremiah (D:7)
  16 cane toads
  5 rime drakes
  4 kobold blastminers
  2 tormentors
  2 efreet
  2 kobold demonologists
  A freezing wraith (D:15)
  10 komodo dragons
  A mana viper zombie (Crypt:1)
  A redback zombie (Crypt:1)
  A purple draconian skeleton (Crypt:1)
  2 tengu conjurers (Depths:2)
  34 yaktaurs
  A troll (shapeshifter) (D:13)
  6 tyrant leeches
  A harpy zombie (WizLab)
  2 guardian mummies (Zig:5)
  8 trolls
  A queen bee (Spider:1)
  A queen bee (shapeshifter) (Lair:5)
  A bloated husk (Swamp:3)
  5 meliai
  A wind drake (Zig:4)
  2 polar bears
  16 hornets
  15 tarantellas
  2 raiju (Lair:5)
  30 blink frogs
  3 hellwings (Swamp:4)
  5 dream sheep (Lair:5)
  4 saltlings (Orc:2)
  An ice dragon zombie (Crypt:1)
  2 snapping turtles (Zig:4)
  A spriggan zombie (WizLab)
  4 glass eyes
  A centaur simulacrum (D:14)
  14 flying skulls
  55 slime creatures
  3 ynoxinuls
  12 jumping spiders
  5 air elementals
  10 culicivoras
  9 spriggans
  4 shadows
  An ice dragon skeleton (Crypt:1)
  2 vampires
  12 wraiths
  An ushabti (Zig:5)
  A hog (Elf:1)
  12 water elementals
  24 yaks
  A golden eye (shapeshifter) (Lair:5)
  A wind drake skeleton (Crypt:1)
  8 basilisks
  5 golden eyes (Slime:3)
  6 vampire mosquitoes
  6 chaos spawn
  2 steam dragons
  A fire elemental (Elf:2)
  28 redbacks
  2 wargs (Orc:1)
  3 acid dragons
  A deep troll skeleton (Crypt:1)
  20 swamp worms
  Duvessa (D:4)
  15 water moccasins
  27 orc warriors
  3 sky beasts
  A hornet zombie (Crypt:2)
  2 ice beasts
  5 wolves (Lair:3)
  A boggart (shapeshifter) (Lair:5)
  19 ogres
  5 boggarts
  9 centaurs
  2 phantoms
  A kobold brigand (D:7)
  12 bullfrogs
  2 gnoll sergeants
  A naga simulacrum (Crypt:1)
  An earth elemental (Elf:2)
  11 small abominations
  11 wights
  Dowan (D:4)
  An oklob sapling (Swamp:3)
  25 killer bees
  An electric eel (D:10)
  A polar bear skeleton (Crypt:2)
  4 howler monkeys
  A howler monkey (shapeshifter) (Depths:4)
  4 hounds
  3 jellies
  13 orc priests
  A black bear skeleton (Crypt:2)
  2 sleepcaps (D:5)
  6 iguanas
  A gnoll bouda (D:8)
  16 orc wizards
  15 hell rats
  4 mummies (Zig:5)
  26 gnolls
  6 adders
  A river rat (shapeshifter) (D:13)
  A steam dragon skeleton (Crypt:1)
  A white imp (D:8)
  2 hell rat simulacra (Lair:5)
  2 ufetubi (D:6)
  A worm (D:3)
  5 dart slugs
  73 orcs
  8 ball pythons
  6 bats
  9 endoplasms
  7 goblins
  11 hobgoblins
  21 jackals
  6 kobolds
  4 quokkas
  3 frilled lizards
  8 rats
  2 butterflies (Lair:4)
1940 creatures vanquished.

Vanquished Creatures (collateral kills)
  A doom hound (Crypt:1)
  Grunn (Crypt:1)
  An acid blob (Slime:4)
  2 rockslimes (Slime:4)
  An ironbound preserver (Vaults:1)
  3 death yaks (Lair:5)
  A boulder beetle (Lair:5)
  An ironbound convoker (Vaults:2)
  A shining eye (Slime:4)
  A cyclops (D:8)
  2 flying skulls (WizLab)
  A slime creature (Slime:5)
  A redback (Spider:2)
  2 goblins (D:1)
19 creatures vanquished.

Vanquished Creatures (others)
  An ironbound convoker (Vaults:3)
  5 bloated husks
  A human (Elf:1)
  A quasit (D:14)
  An orc wizard (Orc:2)
  An orc (Orc:2)
  10 foxfires
20 creatures vanquished.

Grand Total: 1979 creatures vanquished

Notes
Turn   | Place    | Note
-------+----------+-------------------------------------------
     0 | D:1      | KimchiStew the Felid Berserker began the quest for the Orb.
     0 | D:1      | Reached XP level 1. HP: 10/10 MP: 2/2
     8 | D:1      | You fall into a shaft and drop 1 floor!
    71 | D:2      | Reached skill level 1 in Stealth
   128 | D:2      | Reached XP level 2. HP: 14/14 MP: 3/3
   255 | D:2      | Reached skill level 1 in Shapeshifting
   313 | D:2      | Reached XP level 3. HP: 12/17 MP: 4/4
   594 | D:2      | Found Sixi's Distillery.
   597 | D:2      | Bought a potion of heal wounds for 60 gold pieces
   628 | D:2      | Reached ** piety under Trog
   763 | D:1      | Reached XP level 4. HP: 21/21 MP: 5/5
  1191 | D:1      | Gained mutation: You are clumsy. (Dex -2) [potion of
                  | mutation]
  1191 | D:1      | Gained mutation: You are covered in thick fur. (AC +2)
                  | [potion of mutation]
  1317 | D:1      | Lost mutation: You are covered in thick fur. (AC +2)
                  | [potion of mutation]
  1317 | D:1      | Lost mutation: You are clumsy. (Dex -2) [potion of
                  | mutation]
  1317 | D:1      | Gained mutation: Your body sometimes deteriorates upon
                  | taking damage. [potion of mutation]
  1317 | D:1      | Gained mutation: You are partially covered in iridescent
                  | scales. (AC +2) [potion of mutation]
  1598 | D:2      | Found a faded altar of an unknown god.
  1769 | D:3      | Found Zomoej's Weapon Shoppe.
  1771 | D:3      | Found Lethreow's Book Shop.
  1847 | D:3      | Reached XP level 5. HP: 19/24 MP: 6/6
  1880 | D:3      | Found Rybackoq's Distillery.
  1888 | D:3      | Bought a potion of degeneration for 14 gold pieces
  1992 | D:3      | Reached *** piety under Trog
  2330 | D:3      | Gained mutation: You are covered in thick fur. (AC +2)
                  | [Felid growth]
  2330 | D:3      | Reached XP level 6. HP: 21/28 MP: 7/7
  2561 | D:3      | Reached skill level 5 in Dodging
  2623 | D:3      | Noticed a sky beast
  2636 | D:3      | Killed a sky beast
  2960 | D:3      | Reached skill level 5 in Stealth
  2978 | D:3      | Reached XP level 7. HP: 31/32 MP: 8/8
  3391 | D:3      | Found Evaukaj's Weapon Shop.
  3574 | D:3      | Reached **** piety under Trog
  4058 | D:4      | Noticed Dowan
  4059 | D:4      | Noticed Duvessa
  4069 | D:4      | Killed Duvessa
  4070 | D:4      | Reached skill level 6 in Dodging
  4072 | D:4      | Killed Dowan
  4468 | D:5      | Entered Level 5 of the Dungeon
  4526 | D:5      | Reached XP level 8. HP: 36/36 MP: 9/9
  4928 | D:5      | Reached skill level 5 in Fighting
  5020 | D:5      | Reached skill level 5 in Unarmed Combat
  5198 | D:6      | Reached skill level 5 in Shapeshifting
  5308 | D:6      | Reached skill level 7 in Dodging
  5890 | D:6      | Reached XP level 9. HP: 41/41 MP: 10/10
  6204 | D:7      | Found a staircase to the Ecumenical Temple.
  6352 | D:7      | Found a bloodstained altar of Trog.
  6419 | D:7      | Reached skill level 8 in Dodging
  6822 | D:7      | Noticed Jeremiah
  6827 | D:7      | Killed Jeremiah
  7337 | D:8      | Reached ***** piety under Trog
  7445 | D:8      | Noticed Erica
  7453 | D:8      | Killed Erica
  7454 | D:8      | Reached skill level 1 in Evocations
  7454 | D:8      | Reached XP level 10. HP: 47/47 MP: 11/11
  7531 | D:8      | Noticed a cyclops
  7540 | D:8      | Killed a cyclops
  8063 | D:8      | Reached skill level 9 in Dodging
  8382 | D:9      | Noticed a manticore
  8388 | D:9      | Killed a manticore
  8906 | D:9      | Noticed Erolcha
  8928 | D:9      | Killed Erolcha
  9185 | D:9      | Found a burning altar of Makhleb.
  9230 | D:9      | Noticed a two-headed ogre
  9237 | D:9      | Killed a two-headed ogre
  9238 | D:9      | Reached skill level 10 in Stealth
  9456 | D:10     | Entered Level 10 of the Dungeon
  9501 | D:10     | Found a staircase to the Orcish Mines.
  9546 | D:10     | Found an opulent altar of Gozag.
  9591 | D:10     | Reached XP level 11. HP: 52/52 MP: 12/12
  9683 | D:10     | Noticed a five-headed hydra
  9694 | D:10     | Killed a five-headed hydra
  9695 | D:10     | Reached skill level 10 in Dodging
  9837 | D:10     | Noticed an orc sorcerer
  9843 | D:10     | Noticed an orc sorcerer
  9848 | D:10     | Killed an orc sorcerer
  9852 | D:10     | Killed an orc sorcerer
  9879 | D:10     | Noticed a boulder beetle
  9916 | D:10     | Found an opulent altar of Gozag.
  9948 | D:10     | Noticed a two-headed ogre
  9976 | D:10     | Killed a two-headed ogre
 10097 | D:10     | Found a shimmering blue altar of Sif Muna.
 10230 | D:10     | Identified the +0 great sword of Rikuil {flame, rPois rC+
                  | Stlth+}
 10230 | D:10     | Noticed a tengu warrior
 10234 | D:10     | Found Ewenoaf's Antique Weapon Emporium.
 10236 | D:10     | Found Duxusil's Distillery.
 10257 | D:10     | Killed a tengu warrior
 10258 | D:10     | Reached skill level 5 in Evocations
 10465 | D:10     | Bought 2 potions of heal wounds for 100 gold pieces
 10465 | D:10     | Bought a potion of heal wounds for 50 gold pieces
 10625 | D:10     | Noticed a purple ugly thing
 10635 | D:10     | Killed a purple ugly thing
 10636 | D:10     | Reached skill level 10 in Fighting
 10636 | D:10     | Reached skill level 10 in Unarmed Combat
 10642 | D:10     | Killed a boulder beetle
 10731 | D:10     | Found an ancient bone altar of Kikubaaqudgha.
 10731 | D:10     | Found a staircase to the Lair.
 10808 | D:10     | Noticed a fire dragon
 10823 | D:10     | Killed a fire dragon
 10824 | D:10     | Reached skill level 11 in Dodging
 11175 | D:10     | Found a shimmering blue altar of Sif Muna.
 11175 | D:10     | Found an ancient bone altar of Kikubaaqudgha.
 11179 | D:10     | Found a staircase to the Lair.
 11241 | D:10     | Found an opulent altar of Gozag.
 11279 | D:10     | Found an opulent altar of Gozag.
 11447 | D:10     | Found Ewenoaf's Antique Weapon Emporium.
 11447 | D:10     | Found Duxusil's Distillery.
 11812 | D:11     | Noticed a skeletal warrior
 11870 | D:11     | Noticed a boulder beetle
 11889 | D:11     | Killed a boulder beetle
 11890 | D:11     | Gained mutation: Your thick and shaggy fur keeps you warm.
                  | (AC +3, rC+) [Felid growth]
 11890 | D:11     | Reached XP level 12. HP: 49/59 MP: 13/13
 12143 | D:11     | Noticed a boulder beetle
 12407 | D:11     | Found a runed translucent door.
 12407 | D:11     | Noticed t4s4d4r's ghost (journeyman DjEE)
 12477 | Lair:1   | Entered Level 1 of the Lair of Beasts
 12721 | Lair:1   | Noticed Harold
 13938 | Lair:1   | Killed Harold
 14051 | Lair:2   | Found a staircase to the Swamp.
 14884 | Lair:2   | Reached skill level 12 in Dodging
 15180 | Lair:2   | Identified the +0 cloak of Wywyleg {rF+ Str+3}
 15502 | Lair:2   | Found a hole to the Spider Nest.
 15982 | Lair:3   | Noticed a six-headed hydra
 15994 | Lair:3   | Killed a six-headed hydra
 16162 | Lair:3   | Noticed Urug
 16224 | Lair:3   | Killed Urug
 16629 | Lair:3   | Noticed a seven-headed hydra
 16643 | Lair:3   | Killed a seven-headed hydra
 17026 | Lair:3   | Noticed a four-headed hydra
 17055 | Lair:3   | Killed a four-headed hydra
 17056 | Lair:3   | Reached XP level 13. HP: 63/63 MP: 14/14
 17874 | Lair:4   | Reached skill level 10 in Shapeshifting
 17995 | Lair:4   | Found a viscous altar of Jiyva.
 17996 | Lair:4   | Found a staircase to the Slime Pits.
 18629 | Lair:5   | Entered Level 5 of the Lair of Beasts
 18859 | Lair:5   | Reached skill level 13 in Dodging
 21269 | D:12     | Noticed Sonja
 21283 | D:12     | Killed Sonja
 22198 | Orc:1    | Entered Level 1 of the Orcish Mines
 22199 | Orc:1    | Noticed an ettin
 22382 | Orc:1    | Killed an ettin
 22616 | Orc:2    | Entered Level 2 of the Orcish Mines
 22993 | Orc:2    | Found a staircase to the Elven Halls.
 23004 | Orc:1    | Reached XP level 14. HP: 63/69 MP: 15/15
 24099 | Orc:2    | Found Esicyffar's Distillery.
 24108 | Orc:2    | Bought a potion of curing for 30 gold pieces
 24108 | Orc:2    | Bought a potion of mutation for 80 gold pieces
 24108 | Orc:2    | Lost mutation: You are partially covered in iridescent
                  | scales. (AC +2) [potion of mutation]
 24108 | Orc:2    | Lost mutation: Your body sometimes deteriorates upon taking
                  | damage. [potion of mutation]
 24108 | Orc:2    | Gained mutation: Your muscles are strong. (Str +4, Int/Dex
                  | -1) [potion of mutation]
 24347 | Orc:2    | Identified the +7 kite shield of Heresy {Drain rElec Will++
                  | Dex+2}
 24347 | Orc:2    | Noticed Donald
 24366 | Orc:2    | Killed Donald
 24439 | Orc:2    | Reached skill level 14 in Dodging
 24903 | Orc:2    | Found Xoestyw's Book Shop.
 25038 | Orc:2    | Found Casof Tobu's Assorted Antiques.
 25040 | Orc:2    | Found Hixoch's Magic Scroll Shoppe.
 25047 | Orc:2    | Bought 2 potions of curing for 204 gold pieces
 25047 | Orc:2    | Bought a potion of haste for 340 gold pieces
 25047 | Orc:2    | Bought a potion of might for 136 gold pieces
 25047 | Orc:2    | Bought a potion of berserk rage for 170 gold pieces
 25051 | Orc:2    | Bought a scroll of immolation for 56 gold pieces
 25051 | Orc:2    | Bought a scroll of fear for 56 gold pieces
 25051 | Orc:2    | Bought a scroll of blinking for 105 gold pieces
 27587 | D:13     | Identified the +0 pair of gloves "Rountuut" {*Slow rN++
                  | MP+9 Slay+5}
 27918 | D:13     | Found a gate to the Vaults.
 28057 | D:13     | Noticed Nessos
 28172 | D:13     | Reached skill level 15 in Dodging
 28172 | D:13     | Reached XP level 15. HP: 74/74 MP: 16/16
 28910 | D:14     | Noticed Lodul
 28921 | D:14     | Killed Lodul
 29318 | D:14     | Identified a scroll of acquirement
 29321 | D:14     | Acquired the amulet "Naqiomes" {Reflect rPois Will+ SH+5}
 29767 | D:15     | Entered Level 15 of the Dungeon
 30078 | D:15     | Found a staircase to the Depths.
 30126 | D:15     | Noticed Josephine
 30377 | D:15     | Killed Josephine
 31167 | D:15     | Found a white marble altar of Elyvilon.
 32179 | Lair:5   | Reached skill level 16 in Dodging
 32453 | Lair:5   | Found a corrupted altar of Lugonu.
 32453 | Lair:5   | Found a one-way gate to the infinite horrors of the Abyss.
 32606 | Spider:1 | Entered Level 1 of the Spider Nest
 32869 | Swamp:1  | Entered Level 1 of the Swamp
 33047 | Swamp:1  | Noticed a thorn hunter
 33071 | Swamp:1  | Killed a thorn hunter
 33220 | Swamp:1  | Identified the +0 pair of boots "Nyoczi Zomo" {rN+ Dex+4
                  | Slay+2 Stlth+}
 33262 | Swamp:1  | Identified the ring "Afish" {Will+ Dex+2}
 33544 | Swamp:1  | Reached skill level 15 in Shapeshifting
 34076 | Swamp:2  | Reached XP level 16. HP: 79/79 MP: 17/17
 34076 | Swamp:2  | Noticed Slobodan's ghost (journeyman VSBr)
 34100 | Swamp:2  | Found a runed translucent door.
 34125 | Swamp:2  | Acquired a manual of Dodging
 34151 | Swamp:2  | Killed Slobodan's ghost
 34259 | Swamp:2  | Noticed a thorn hunter
 34279 | Swamp:2  | Killed a thorn hunter
 34777 | Swamp:2  | Slain by a spriggan rider
 35076 | Swamp:2  | Found Anyfi's Island Escapes.
 35263 | Swamp:2  | Reached skill level 17 in Dodging
 36449 | Swamp:3  | Noticed a thorn hunter
 36469 | Swamp:3  | Killed a thorn hunter
 36595 | Swamp:3  | Paralysed by a hornet for 3 turns
 37180 | Swamp:3  | Noticed a thorn hunter
 37191 | Swamp:3  | Killed a thorn hunter
 37246 | Swamp:3  | Reached skill level 18 in Dodging
 38028 | Swamp:4  | Entered Level 4 of the Swamp
 38893 | Swamp:4  | Noticed a thorn hunter
 38907 | Swamp:4  | Killed a thorn hunter
 39093 | Swamp:4  | Reached skill level 15 in Fighting
 39367 | Swamp:4  | Reached skill level 19 in Dodging
 39542 | Swamp:4  | Noticed a tentacled monstrosity
 39552 | Swamp:4  | Killed a tentacled monstrosity
 39756 | Swamp:4  | Noticed a tentacled monstrosity
 39764 | Swamp:4  | Killed a tentacled monstrosity
 39823 | Swamp:4  | Reached XP level 17. HP: 85/85 MP: 18/18
 39864 | Swamp:4  | Got a decaying rune of Zot
 39948 | Swamp:4  | Noticed a tentacled monstrosity
 39953 | Swamp:4  | Killed a tentacled monstrosity
 40245 | Swamp:4  | Noticed Mara
 41638 | Spider:1 | Identified the ring of Ycatoah {Fly rElec rCorr MP+9 Str-2}
 41901 | Spider:2 | Reached skill level 20 in Dodging
 42124 | Spider:2 | Noticed Arachne
 42614 | Spider:2 | Identified the +4 scale mail of Elyvilon's Approval {rF++
                  | Int+6 Dex-3}
 42624 | Spider:2 | Found a runed translucent door.
 42671 | Spider:2 | Noticed Humorgho's ghost (journeyman MiBe)
 42957 | Spider:2 | Acquired a manual of Evocations
 43962 | Spider:2 | Killed Arachne
 44089 | Spider:2 | Killed Humorgho's ghost
 44392 | Spider:2 | Identified the +7 long sword of Teeggegg {freeze, rElec
                  | rF++ Dex-4 SInv}
 44417 | Spider:3 | Noticed Nikola
 44417 | Spider:3 | Found the +3 pair of mountain boots {steadfast, rC+}
 44563 | Spider:3 | Killed Nikola
 45869 | Spider:4 | Entered Level 4 of the Spider Nest
 46666 | Spider:4 | Reached skill level 21 in Dodging
 47042 | Spider:4 | Reached ****** piety under Trog
 47653 | Spider:4 | Reached XP level 18. HP: 90/90 MP: 19/19
 47887 | Spider:4 | Identified the +0 hat "Fipexen" {rC+ rN+ Slay-5}
 47897 | Spider:4 | Got a gossamer rune of Zot
 47977 | Spider:2 | Identified the +0 pair of gloves "Hivab" {Harm rPois Int-2
                  | SInv Stlth+}
 48664 | D:13     | Killed Nessos
 49037 | Vaults:1 | Entered Level 1 of the Vaults
 49186 | Vaults:1 | Identified the +2 cloak "Jekhifaschu" {rN+}
 49265 | Vaults:1 | Reached skill level 15 in Unarmed Combat
 49527 | Vaults:1 | Reached skill level 22 in Dodging
 50076 | Vaults:1 | Noticed Norris
 50093 | Vaults:1 | Killed Norris
 51283 | Vaults:1 | Found a runed translucent gate.
 51283 | Vaults:1 | Found a runed translucent gate.
 51283 | Vaults:1 | Found an ancient bone altar of Kikubaaqudgha.
 51283 | Vaults:1 | Found a runed translucent gate.
 51283 | Vaults:1 | Noticed a dread lich
 51283 | Vaults:1 | Noticed a dread lich
 51283 | Vaults:1 | Noticed Fieg's ghost (veteran HuWn)
 51283 | Vaults:1 | Noticed a lich
 51283 | Vaults:1 | Noticed a lich
 51951 | Vaults:2 | Found Ylaguwos's Antique Weapon Boutique.
 52270 | Vaults:2 | Identified the +0 robe of a Million Geomancers {rC+}
 52331 | Vaults:2 | Noticed Jory
 52359 | Vaults:2 | Reached XP level 19. HP: 95/95 MP: 20/20
 52362 | Vaults:2 | Killed from afar by Jory
 53478 | Vaults:2 | Noticed a dread lich
 53492 | Vaults:2 | Killed a dread lich
 53585 | Vaults:2 | Killed Jory
 53594 | Vaults:2 | Acquired a manual of Shapeshifting
 53996 | Vaults:2 | Found a staircase to the Crypt.
 54525 | Vaults:3 | Found a flickering gateway to a bazaar.
 54549 | Bazaar   | Entered a bazaar
 54550 | Bazaar   | Found Ohout's Armour Boutique.
 54560 | Bazaar   | Found Xior's Book Emporium.
 54592 | Bazaar   | Found Wemitz's General Store.
 54598 | Bazaar   | Found Cyathawke's Antique Armour Boutique.
 54600 | Bazaar   | Bought a scroll of teleportation for 33 gold pieces
 54600 | Bazaar   | Bought a potion of resistance for 110 gold pieces
 54639 | Vaults:3 | Acquired 1128 gold pieces
 54890 | Vaults:3 | Reached skill level 10 in Evocations
 56379 | Vaults:3 | HP: 2/144 [vault warden/+0 great sword (58)]
 56380 | Vaults:3 | Annihilated by a vault warden
 56422 | Vaults:3 | Reached XP level 20. HP: 100/100 MP: 21/21
 56971 | Vaults:4 | Found Ocyliz's Book Emporium.
 57145 | Vaults:4 | Found a magical portal.
 57150 | WizLab   | Entered Borgnjor's Mausoleum
 57297 | WizLab   | Reached skill level 23 in Dodging
 59349 | Depths:1 | Entered Level 1 of the Depths
 59441 | Depths:1 | Found a gateway to Hell.
 59473 | Depths:1 | Found an ornate altar of the Wu Jian Council.
 60771 | Depths:1 | Reached XP level 21. HP: 106/106 MP: 22/22
 61727 | Depths:1 | You are sucked into a shaft and drop 1 floor!
 61969 | Depths:1 | Found a shimmering blue altar of Sif Muna.
 63552 | Depths:2 | Found a broken altar of Ashenzari.
 63855 | Depths:2 | Found a one-way gate leading to the halls of Pandemonium.
 64303 | Depths:3 | Noticed a golden dragon
 64535 | Depths:3 | Killed a golden dragon
 64536 | Depths:3 | Reached skill level 24 in Dodging
 64750 | Depths:3 | Found a portal to a secret trove of treasure.
 64802 | Depths:3 | You paid a toll of 3 potions of resistance to enter a
                  | treasure trove
 64803 | Trove    | Entered a treasure trove
 64840 | Trove    | Identified a ring of the Destroying Priest {Fire Int+3}
 64869 | Trove    | Identified the ring of the Hero {rCorr Dex+6}
 64880 | Trove    | Identified the amulet "Alig Ijo" {Reflect rF+ Regen+ SH+5}
 65864 | Depths:3 | Noticed a golden dragon
 65870 | Depths:3 | Killed a golden dragon
 66310 | Depths:3 | Identified the ring "Iresie" {rCorr EV+5}
 66566 | Depths:4 | Entered Level 4 of the Depths
 66581 | Depths:4 | Noticed a caustic shrike
 66739 | Depths:4 | Found a snail-covered altar of Cheibriados.
 66797 | Depths:4 | Reached XP level 22. HP: 112/112 MP: 23/23
 66798 | Depths:4 | Noticed a caustic shrike
 67155 | Depths:4 | Noticed a caustic shrike
 67160 | Depths:3 | Killed a caustic shrike
 67265 | Depths:4 | Killed a caustic shrike
 67605 | Depths:4 | Found a one-way gateway to a ziggurat.
 67608 | Depths:4 | Noticed a caustic shrike
 67609 | Depths:4 | Noticed a caustic shrike
 67684 | Depths:4 | Noticed a caustic shrike
 67691 | Depths:4 | Killed a caustic shrike
 67696 | Depths:4 | Killed a caustic shrike
 67706 | Depths:4 | Noticed a caustic shrike
 67709 | Depths:4 | Killed a caustic shrike
 67710 | Depths:4 | Noticed a caustic shrike
 67712 | Depths:4 | Noticed a caustic shrike
 67712 | Depths:4 | Noticed a caustic shrike
 68030 | Depths:4 | Noticed a caustic shrike
 68036 | Depths:4 | Noticed a caustic shrike
 68037 | Depths:4 | Killed a caustic shrike
 68043 | Depths:4 | Killed a caustic shrike
 68046 | Depths:4 | Killed a caustic shrike
 68192 | Depths:4 | Found a transporter.
 68197 | Depths:4 | Noticed Bahe's ghost (veteran DgCj)
 68197 | Depths:4 | Noticed a golden dragon
 68197 | Depths:4 | Noticed an ancient lich
 68216 | Depths:4 | Reached skill level 25 in Dodging
 68259 | Depths:4 | Noticed Guam's ghost (adept HOMo)
 68267 | Depths:4 | Noticed Deaqeck's ghost (veteran DgCj)
 68273 | Depths:4 | Noticed a caustic shrike
 68321 | Depths:4 | Found a transporter.
 68338 | Depths:4 | Found Big Baal Hell's Store.
 68756 | Depths:4 | Noticed a golden dragon
 68767 | Depths:4 | Killed a golden dragon
 68954 | Depths:4 | Found a gate to the Realm of Zot.
 69061 | Depths:4 | Found a shimmering altar of Xom.
 69156 | Zig:1    | Entered Level 1 of a ziggurat
 69156 | Zig:1    | Noticed Suadosi the pandemonium lord
 69159 | Zig:1    | Killed Suadosi the pandemonium lord
 69169 | Zig:2    | Entered Level 2 of a ziggurat
 69185 | Zig:2    | Identified the +7 scimitar of Arghoef {flame, *Rage rC+ rN+
                  | Will+}
 69187 | Zig:3    | Entered Level 3 of a ziggurat
 69187 | Zig:3    | Noticed Seuruone the pandemonium lord
 69187 | Zig:3    | Found the ring of the Tortoise {AC+8}
 69204 | Zig:3    | Killed Seuruone the pandemonium lord
 69453 | Zig:4    | Entered Level 4 of a ziggurat
 69614 | Zig:5    | Entered Level 5 of a ziggurat
 69850 | Zig:6    | Entered Level 6 of a ziggurat
 69867 | Zig:6    | HP: 12/249 [searing wretch (19)]
 69867 | Zig:6    | HP: 3/249 [searing wretch (9)]
 70259 | Zig:6    | Reached XP level 23. HP: 120/120 MP: 24/24
 70263 | Zig:7    | Entered Level 7 of a ziggurat
 70367 | Depths:4 | Killed a caustic shrike
 70373 | Depths:4 | Killed a caustic shrike
 70388 | Depths:4 | Killed a caustic shrike
 70392 | Depths:4 | Killed a caustic shrike
 70801 | Depths:2 | Noticed Vv
 70813 | Depths:2 | Killed Vv
 70814 | Depths:2 | Reached XP level 24. HP: 126/126 MP: 24/24
 71062 | Elf:1    | Entered Level 1 of the Elven Halls
 71062 | Elf:1    | Found a runed translucent gate.
 71062 | Elf:1    | Found a runed translucent gate.
 71062 | Elf:1    | Found a runed translucent gate.
 71062 | Elf:1    | Found a runed translucent gate.
 71062 | Elf:1    | Found a runed translucent gate.
 71062 | Elf:1    | Found a runed translucent gate.
 71063 | Elf:1    | Found a runed translucent door.
 71083 | Elf:1    | Found a runed translucent door.
 71089 | Elf:1    | Reached skill level 26 in Dodging
 71197 | Elf:1    | Noticed Kirke
 71205 | Elf:1    | Killed Kirke
 71241 | Elf:1    | Paralysed by an air elemental for 1 turns
 71328 | Elf:1    | Found a transporter.
 71330 | Elf:1    | Found a transporter.
 71431 | Elf:1    | Found Izxisch's General Store.
 71439 | Elf:1    | Bought a scroll of revelation for 135 gold pieces
 71439 | Elf:1    | Bought a potion of heal wounds for 90 gold pieces
 71439 | Elf:1    | Bought a wand of quicksilver (3) for 226 gold pieces
 71466 | Elf:1    | Found a bloodstained altar of Trog.
 71466 | Elf:1    | Noticed snipermoke's ghost (journeyman DsGl)
 72272 | Elf:2    | Paralysed by an air elemental for 1 turns
 72783 | Elf:2    | Found Ostueviz's Jewellery Emporium.
 72784 | Elf:2    | Found Yjiuj's Book Shop.
 72784 | Elf:2    | Found Takhune's Book Shop.
 72822 | Elf:2    | Found a runed translucent gate.
 72853 | Elf:2    | Found a runed translucent gate.
 72855 | Elf:2    | Found a runed translucent gate.
 73091 | Elf:3    | Entered Level 3 of the Elven Halls
 73674 | Elf:3    | Identified the staff of Cobwebs {rPois rC+ rN+ Will- Str+3
                  | Ice}
 73813 | Elf:3    | Reached skill level 27 in Dodging
 74001 | Elf:3    | Identified the death talisman "Ziabausi" {Int+3}
 74037 | Elf:2    | Found a shimmering blue altar of Sif Muna.
 74147 | Elf:3    | Identified the +2 pair of gloves of the Gusle {Rampage
                  | *Corrode Int+7 Slay-6}
 74463 | Slime:1  | Entered Level 1 of the Pits of Slime
 74485 | Slime:1  | Gained mutation: Your body sometimes deteriorates upon
                  | taking damage. [a shining eye]
 74498 | Slime:1  | Gained mutation: You occasionally lose the ability to drink
                  | potions when taking damage. [a shining eye]
 74555 | Lair:4   | Lost mutation: Your body sometimes deteriorates upon taking
                  | damage. [potion of mutation]
 74555 | Lair:4   | Lost mutation: Your muscles are strong. (Str +4, Int/Dex
                  | -1) [potion of mutation]
 74555 | Lair:4   | Gained mutation: Your spells are a little easier to cast,
                  | but a little less powerful. [potion of mutation]
 74555 | Lair:4   | Gained mutation: You are weak. (Str -2) [potion of
                  | mutation]
 74555 | Lair:4   | Lost mutation: You are weak. (Str -2) [potion of mutation]
 74555 | Lair:4   | Gained mutation: You have a pair of small horns on your
                  | head. [potion of mutation]
 74556 | Lair:4   | Lost mutation: You occasionally lose the ability to drink
                  | potions when taking damage. [potion of mutation]
 74556 | Lair:4   | Lost mutation: Your spells are a little easier to cast, but
                  | a little less powerful. [potion of mutation]
 74556 | Lair:4   | Lost mutation: You have a pair of small horns on your head.
                  | [potion of mutation]
 74556 | Lair:4   | Gained mutation: You have a pair of small horns on your
                  | head. [potion of mutation]
 74556 | Lair:4   | Gained mutation: Your mind is acute. (Int +4, Str/Dex -1)
                  | [potion of mutation]
 74557 | Lair:4   | Lost mutation: Your mind is acute. (Int +4, Str/Dex -1)
                  | [potion of mutation]
 74557 | Lair:4   | Lost mutation: You have a pair of small horns on your head.
                  | [potion of mutation]
 74557 | Lair:4   | Gained mutation: Your flesh is heat resistant. (rF+)
                  | [potion of mutation]
 74695 | Slime:5  | Entered Level 5 of the Pits of Slime
 74910 | Slime:5  | Found a viscous altar of Jiyva.
 74910 | Slime:5  | Noticed the Royal Jelly
 75192 | Slime:5  | Reached XP level 25. HP: 133/133 MP: 24/24
 76155 | Slime:5  | Killed the Royal Jelly
 76276 | Slime:5  | Identified the amulet of Gozag's Vengeance {RegenMP rN+++
                  | Dex+5 Stlth-}
 76282 | Slime:5  | Identified the +2 chain mail "Xofad" {rElec rPois Str+3}
 76302 | Slime:5  | Identified the orb of the Planets {*Rage, Will+ Regen+}
 76303 | Slime:5  | Identified the ring "Zocvud" {rF+ rC+ Dex+6}
 76317 | Slime:5  | Got a slimy rune of Zot
 76344 | Slime:5  | Identified the ring "Laaruker" {rC- Int+6 Dex+7}
 76873 | Crypt:1  | Entered Level 1 of the Crypt
 76873 | Crypt:1  | Noticed Xtahua
 76882 | Crypt:1  | Killed Xtahua
 76883 | Crypt:1  | Noticed Bai Suzhen
 76942 | Crypt:1  | Killed Bai Suzhen
 77210 | Crypt:1  | Noticed Grunn
 77216 | Crypt:1  | Killed Grunn
 77375 | Crypt:1  | Reached skill level 15 in Stealth
 77913 | Crypt:3  | Entered Level 3 of the Crypt
 78308 | Zot:1    | Entered Level 1 of the Realm of Zot
 78393 | Zot:5    | Entered Level 5 of the Realm of Zot
 78394 | Zot:5    | Noticed an orb of fire
 78428 | Zot:5    | Killed an orb of fire
 78631 | Zot:5    | Found the amulet of the Four Winds {rN+ Will+++ Clar}
 78894 | Zot:5    | Found the ring of the Octopus King
 78901 | Zot:5    | Identified a ring of the Octopus King {rF+ HP+2 AC+2 EV+2
                  | SH+2}
 79130 | Zot:5    | Noticed an orb of fire
 79130 | Zot:5    | Noticed an orb of fire
 79132 | Zot:5    | Noticed an orb of fire
 79137 | Zot:5    | Noticed an orb of fire
 79137 | Zot:5    | Noticed an orb of fire
 79139 | Zot:5    | Noticed an orb of fire
 79140 | Zot:5    | Noticed a Killer Klown
 79145 | Zot:5    | Noticed an orb of fire
 79146 | Zot:5    | Noticed a Killer Klown
 79146 | Zot:5    | Noticed an orb of fire
 79146 | Zot:5    | Killed an orb of fire
 79146 | Zot:5    | Killed an orb of fire
 79146 | Zot:5    | Killed from afar by an orb of fire
 79163 | Zot:5    | Got the Orb of Zot
 79189 | Zot:5    | Noticed an orb of fire
 79459 | D:14     | Noticed Losm the pandemonium lord
 79680 | D:1      | Noticed Tasmia the pandemonium lord
 79683 | D:$      | Escaped with the Orb!

Illustrated notes

Levels and vault maps discovered:
D:1:      wander_arrival_estate, layout_loops_ring
D:2:      layout_loops_ring, serial_shops, nicolae_shop_behind_doors,
          hellmonk_ecumenical_altar_heavens_door, st_stairs_4
D:3:      lemuel_castle_with_subvaults [lemuel_castle_interior_original],
          layout_loops_cross, serial_shops, shop, shop,
          nicolae_book_shop_shelving, nicolae_shop_statue_plus
D:4:      layout_gridville, uniq_duvessa
D:5:      layout_gridville
D:6:      nicolae_cairo_tiling_large, layout_basic
D:7:      layout_basic, amcnicky_altar_gilded, minmay_temple_entry_glassed_door,
          grunt_decor_arrowhead, uniq_jeremiah
D:8:      layout_basic, uniq_erica
D:9:      layout_small_grid, lightli_temple_of_fire, reono_crystal_passage,
          minmay_misc_feat_plants, minivault_27, uniq_erolcha
D:10:     minmay_the_grid_net [minmay_the_grid_embedded,
          minmay_the_grid_outer_diamond, minmay_the_grid_outer_circle,
          minmay_the_grid_tri_star, minmay_the_grid_doors,
          minmay_the_grid_prize_four_corners_diamond_b], layout_long_grid,
          mainiacjoe_overflow_large_starburst, hangedman_feature_mirror,
          nicolae_wooded_promenade, st_stairs_13
D:11:     layout_small_grid, gammafunk_ghost_grave
D:12:     layout_irregular_city, uniq_sonja
D:13:     layout_basic, erik_vaults_2, minmay_hollow_rounded_squares,
          uniq_nessos
D:14:     layout_irregular_city, hangedman_decor_slide_cut, fungi_pond_lemuel,
          uniq_lodul
D:15:     grunt_enter_depths_hoard, layout_cave_pools, elyvilon_altar_3,
          uniq_josephine
Lair:1:   layout_misc_corridors, infiniplex_staircase_pool_2,
          grunt_megastairs_2, uniq_harold
Lair:2:   layout_roguey, minmay_swamp_entry_worms, spider_nest_entry_funnel_web,
          lemuel_fruit_tree
Lair:3:   layout_cave_pods, uniq_urug
Lair:4:   layout_loops_ring, slime_entry_1, lemuel_fruit_fields
Lair:5:   hellmonk_lair_end_abyssal_woods, layout_long_grid,
          eino_house_with_fridge, grunt_megastairs_4
Swamp:1:  layout_basic_swamp, serial_swamp_ruin, hangedman_swamp_ruin_hall,
          evilmike_swamp_ruin_house_4
Swamp:2:  cheibrodos_swamp_tower_of_moss, layout_basic_swamp,
          hellmonk_ghost_happy_afterlife, evilmike_swamp_ruin_wall,
          swamp_pool_1_2, nicolae_island_escapes, infiniplex_staircase_pool
Swamp:3:  nicolae_swamp_phyte_club, layout_falls_marsh,
          evilmike_swamp_ruin_house_5
Swamp:4:  nzn_swamp_witches_coven, layout_basic_swamp, uniq_mara
Spider:1: layout_spider_delve, special_room [special_room_bee]
Spider:2: layout_spider_delve, gammafunk_ghost_grave,
          nicolae_spider_nooks_and_crannies, uniq_arachne
Spider:3: nicolae_orb_stairs_large, uniq_nikola
Spider:4: hellmonk_spider_rune_bug_friends
Slime:1:  layout_caves, cheibrodos_slime_lost_civilization_4
Slime:2:  layout_caves, nicolae_slime_barrier, uniq_dissolution
Slime:3:  layout_caves
Slime:4:  layout_caves
Slime:5:  slime_pit_nicolae_royal_road_to_ruin
Orc:1:    layout_caves
Orc:2:    hellmonk_orc_salted, layout_caves, minmay_orc_temple_a, uniq_donald
Elf:1:    nicolae_elf_arrival_dilemma, layout_geoelf_octagon,
          gammafunk_ghost_wrathful_warriors, serial_shops,
          nicolae_shop_hallway_stairs, hangedman_elf_disciples, uniq_kirke
Elf:2:    nicolae_elf_blades_splatter_lattice [mumra_blade_entry_bloodbath],
          layout_gridlike, minmay_shop_grove, grunt_megastairs_5,
          lemuel_upstairs_altar
Elf:3:    grunt_elf_hall_branching, layout_geoelf_octagon
Vaults:1: gammafunk_ghost_crypt, v_misc_3, nicolae_vaults_six-pack,
          dpeg_vaults_hating_casters, vaults_dpeg_emergency_exit,
          vaults_standard_mumra_x, nicolae_vaults_storage_closets_3,
          hangedman_vaults_slice, layout_vaults_omnigrid, uniq_norris
Vaults:2: ontoclasm_vaults_decontamination, vaults_mumra_hex,
          minmay_crypt_entry_simple_walls, nicolae_vaults_network_periphery,
          ontoclasm_vaults_ring_square, nicolae_vaults_tangram_2,
          nicolae_vaults_alarming, v_misc_27, nicolae_vaults_what_the_h,
          nicolae_vaults_mini_display_case, ontoclasm_vaults_idyll,
          nicolae_vaults_house_1, nicolae_vaults_offset_grid_hallway_3,
          nicolae_vaults_house_1, vaults_room_pool, layout_vaults_omnicross,
          serial_shops, nicolae_shop_tiny_waterfront, uniq_jory
Vaults:3: nicolae_vaults_asterisk, nicolae_vaults_circle_grid_a,
          nicolae_vaults_tetromino_T_2, ontoclasm_vaults_chip,
          hangedman_vaults_snaps, nicolae_vaults_little_squares_5,
          nicolae_vaults_mitosis, nicolae_vaults_network_quinsquares
          [nicolae_vaults_network_quincunx_subvault,
          nicolae_vaults_network_quincunx_subvault,
          nicolae_vaults_network_quincunx_subvault,
          nicolae_vaults_network_quincunx_subvault], v_rooms_6,
          nicolae_vaults_more_shelving_1, nicolae_vaults_ring_of_whatevers,
          layout_vaults_ring, serial_shops, bzr_entry_gold
Vaults:4: mu_enter_wizlab_1, hangedman_vaults_stagger, v_alt_pattern_6,
          v_rooms_2, vaults_room_grid, nicolae_vaults_trapezoid_layered,
          grunt_vaults_diagonal, vaults_mumra_chevron_long,
          nicolae_vaults_heart-shaped_vault, vaults_room_mumra_shop_pool,
          ontoclasm_vaults_ring_square, hangedman_vaults_trim,
          layout_vaults_maze
Crypt:1:  layout_chaotic_city, corexii_leaking_fountain, item_on_display_a,
          uniq_bai_suzhen, uniq_grunn, uniq_xtahua
Crypt:2:  layout_gridlike, minmay_misc_feat_columns
Crypt:3:  david_glass_crypt, layout_misc_corridors, uniq_sojobo
Depths:1: layout_cave_pools, minmay_room_of_horrors, led_sif_pool, hell_entry,
          kennysheep_small_spiral, minmay_splitting_lines, minmay_statues_item,
          minmay_misc_feat_diagonals, nicolae_wu_jian_immortal_techniques
Depths:2: nzn_winding_woodlands_cross [nzn_winding_woodlands_5x15_crooked,
          nzn_winding_woodlands_5x15_jagged, nzn_winding_woodlands_5x15_cabin,
          nzn_winding_woodlands_5x15_zeroes,
          nzn_winding_woodlands_15x15_thick_spiral], layout_basic,
          rand_demon_pan_entry_7, abyss_entry, hell_entry,
          nicolae_ashenzari_panopticon, uniq_vv
Depths:3: minmay_sliced_demisemicircle, layout_cave_pools, enter_trove_6,
          hangedman_abyss_entry_splay, grunt_decor_junction,
          grunt_pan_entry_spiral, hell_entry
Depths:4: grunt_zot_entry_hairpin, layout_long_grid, enter_ziggurat_c,
          nicolae_hell_entry_big_baal_hell, nzn_ghost_randoct,
          cheibriados_altar_1, xom_teletrap_fun
Zot:1:    layout_twisted_circle, regret_index_zotdec_serpentine_scales,
          regret_index_zotdec_banners
Zot:2:    layout_gridlike, hangedman_zot_decor_slant
Zot:3:    layout_twisted_circle, regret_index_zotdec_stipple_waver
Zot:4:    layout_cathedral_of_symmetry, ebering_ghost_reflecting_pool,
          grunt_megastairs_3
Zot:5:    layout_misc_corridors

Skill      XL: |  1  2  3  4  5  6  7  8  9 10 11 12 13 14 15 16 17 18 19 20 21 22 23 24 25 |
---------------+----------------------------------------------------------------------------+-----
Stealth        | 1 2 3 4 5 6 7 9 10 11 13 14 18 | 18.6
Shapeshifting  | 1 2 3 4 5 6 7 9 11 13 15 17 18 20 22 23 25 | 25.0
Dodging        | 5 6 7 8 9 11 12 13 15 16 19 21 22 23 24 25 27 | 27.0
Unarmed Combat | 4 5 7 8 10 11 12 13 14 15 16 17 18 19 21 22 | 22.1
Fighting       | 4 5 7 8 10 11 12 13 14 15 16 17 18 19 22 23 24 | 24.5
Evocations     | 1 3 5 8 9 11 13 14 | 14.0

Action                     |  1- 3 |  4- 6 |  7- 9 | 10-12 | 13-15 | 16-18 | 19-21 | 22-24 | 25-27 || total
---------------------------+-------+-------+-------+-------+-------+-------+-------+-------+-------++-------
  Melee: Unarmed           |    73 |   253 |   311 |   365 |   923 |   999 |  1059 |   826 |   472 ||  5281
         Bite              |     5 |    17 |    48 |    51 |   149 |   159 |   165 |   138 |   115 ||   847
         Punch             |     1 |     4 |    17 |    29 |   108 |    92 |   146 |   116 |   107 ||   620
         Maw               |       |       |       |       |    98 |    59 |       |       |       ||   157
         Tailslap          |       |       |       |       |       |   161 |   217 |   120 |       ||   498
 Invoke: Berserk           |       |     6 |     7 |    22 |    35 |    30 |    18 |    12 |       ||   130
         Trog's Hand       |       |       |     1 |     7 |    12 |    14 |    10 |    10 |     3 ||    57
         Brothers in Arms  |       |       |       |     1 |     1 |     2 |     1 |     1 |     1 ||     7
Ability: Breathe Fire      |       |       |       |       |       |     4 |     1 |       |       ||     5
  Evoke: Wand              |       |       |     9 |    19 |    32 |    38 |     7 |    11 |    17 ||   133
         Condenser vane    |       |       |       |     3 |     2 |       |     2 |     2 |     1 ||    10
         Phial of floods   |       |       |       |       |     1 |     1 |       |       |       ||     2
         Phantom mirror    |       |       |       |       |       |     3 |     1 |     2 |     2 ||     8
    Use: Scroll            |     2 |     4 |     8 |     6 |    12 |     9 |     7 |     9 |     9 ||    66
         Potion            |       |     2 |     1 |     9 |     8 |     7 |     4 |    14 |       ||    45
   Stab: Sleeping          |     7 |    10 |     9 |    19 |    36 |    17 |    17 |    13 |     5 ||   133
         Invisible         |       |       |       |     2 |       |       |       |       |       ||     2
         Distracted        |       |       |       |     3 |     8 |    11 |     9 |     5 |     1 ||    37
         Confused          |       |       |       |     1 |     1 |       |       |       |       ||     2
 Armour: Skin              |    10 |    53 |    70 |   104 |   153 |   541 |   519 |   375 |   122 ||  1947
  Dodge: Dodged            |    50 |   221 |   292 |   321 |   843 |   911 |   806 |   609 |   507 ||  4560
  Block: Other             |       |       |       |       |    33 |   163 |   171 |   124 |    67 ||   558
         Reflection        |       |       |       |       |     2 |     6 |    12 |    17 |     2 ||    39
   Form: Beast             |       |     1 |       |       |       |       |       |       |       ||     1
         Maw               |       |       |       |       |     1 |       |       |       |       ||     1
         Dragon            |       |       |       |       |       |     1 |       |     1 |       ||     2
         Death             |       |       |       |       |       |       |       |     2 |     1 ||     3
                           |       |       |       |       |       |       |       |     1 |     1 ||     2

Table legend: (Time is in decaauts)
 A = Elapsed time spent in this place.
 B = Non-inter-level travel time spent in this place.
 C = Inter-level travel time spent in this place.
 D = Time resting spent in this place.
 E = Time spent auto-exploring this place.
 F = Levels seen in this place.
 G = Mean time per level.
                   A        B        C        D        E       F      G
               +--------+--------+--------+--------+--------+-----+--------+
         Total |  75288 |  71322 |   3966 |  34439 |  19451 |  64 | 1176.4 |
       Dungeon |  20331 |  18915 |   1416 |   7797 |   6500 |  15 | 1355.4 |
          Lair |  10070 |   9332 |    738 |   5007 |   2162 |   5 | 2014.0 |
         Swamp |   7203 |   7042 |    161 |   4229 |   1377 |   4 | 1800.8 |
   Spider Nest |   7219 |   6967 |    252 |   4397 |   1215 |   4 | 1804.8 |
    Slime Pits |   1729 |   1641 |     88 |    748 |     94 |   5 |  345.8 |
  Orcish Mines |   3206 |   3118 |     88 |   1978 |    444 |   2 | 1603.0 |
   Elven Halls |   3134 |   2886 |    248 |    449 |   1401 |   3 | 1044.7 |
        Vaults |   9594 |   9047 |    547 |   4131 |   2885 |   4 | 2398.5 |
         Crypt |    685 |    635 |     50 |     22 |    355 |   3 |  228.3 |
        Depths |   8940 |   8565 |    375 |   3948 |   2656 |   4 | 2235.0 |
           Zot |    829 |    829 |      0 |    322 |    132 |   5 |  165.8 |
      Ziggurat |   1130 |   1130 |      0 |    940 |      0 |   7 |  161.4 |
        Bazaar |     84 |     84 |      0 |      0 |     29 |   1 |   84.0 |
         Trove |    184 |    184 |      0 |      0 |    126 |   1 |  184.0 |
        Wizlab |    944 |    944 |      0 |    466 |     73 |   1 |  944.0 |
               +--------+--------+--------+--------+--------+-----+--------+

Top non-repeatable levels by time:
Vaults:1: 3187 daAuts
Spider:2: 3181 daAuts
    D:15: 3142 daAuts
 Swamp:3: 3016 daAuts
  Lair:5: 2860 daAuts
Vaults:2: 2852 daAuts
Depths:2: 2697 daAuts
Depths:3: 2643 daAuts
    D:10: 2552 daAuts
Vaults:3: 2383 daAuts
  Lair:2: 2315 daAuts
    D:11: 2229 daAuts
Depths:4: 2184 daAuts
    D:13: 1929 daAuts
  Lair:1: 1919 daAuts
